 Dungeon Crawl Stone Soup version 0.28.0-43-g3370ac3207 (webtiles) character file.

Game seed: 9639568924066449862

4717 boopmooplesden the Carver (level 10, 0/90 HPs)
             Began as a Minotaur Berserker on Mar 17, 2022.
             Was an Elder of Trog.
             Succumbed to a hornet's poison
             ... on level 9 of the Dungeon.
             The game lasted 00:09:30 (6938 turns).

boopmooplesden the Carver (Minotaur Berserker)      Turns: 6938, Time: 00:09:31

Health: 0/90       AC: 18    Str: 22    XL:     10   Next: 22%
Magic:  9/9        EV:  8    Int:  6    God:    Trog [****..]
Gold:   265        SH:  0    Dex: 12    Spells: 9/9 levels left

rFire   + . .      SeeInvis .   y - +3 great sword (holy)
rCold   x . .      Faith    .   (shield currently unavailable)
rNeg    . . .      Spirit   .   o - +0 plate armour
rPois   .          Reflect  .   (helmet restricted)
rElec   .          Harm     .   q - +0 cloak
rCorr   .          Rampage  .   g - +0 pair of gloves
Will    .....                   k - +0 pair of boots
Stlth   ..........              (no amulet)
HPRegen 0.25/turn               e - ring of flight
MPRegen 0.11/turn               p - ring of fire

@: lethally poisoned (0 -> -17), on berserk cooldown, flying, slowed, very slow
A: horns 2, retaliatory headbutt
a: Renounce Religion, Berserk, Trog's Hand, Brothers in Arms


You were on level 9 of the Dungeon.
You worshipped Trog.
Trog was greatly pleased with you.
You visited 1 branch of the dungeon, and saw 9 of its levels.

You collected 609 gold pieces.
You spent 344 gold pieces at shops.

Inventory:

Hand Weapons
 a - a +0 falchion
 u - the +6 flail "Lailuan" {protect, Int+2 Dex+4}
   (You found it on level 7 of the Dungeon)

   It grants its wielder temporary protection when it strikes (+7 to AC).
   Int:       It affects your intelligence (+2).
   Dex:       It affects your dexterity (+4).
 y - a +3 great sword of holy wrath (weapon)
Missiles
 j - 9 javelins (quivered)
 x - 2 throwing nets
Armour
 g - a +0 pair of gloves (worn)
 k - a +0 pair of boots (worn)
 o - a +0 plate armour (worn)
 q - a +0 cloak (worn)
Jewellery
 e - a ring of flight (left hand)
 p - a ring of fire (right hand)
 t - a ring of magical power
 D - a +4 ring of evasion
Wands
 h - a wand of digging (6)
 s - a wand of charming (10)
 v - a wand of flame (19)
Scrolls
 c - 10 scrolls of identify
 d - 2 scrolls of amnesia
 i - a scroll of teleportation
 m - 2 scrolls of vulnerability
 C - a scroll of enchant weapon {unknown}
 F - a scroll of enchant armour {unknown}
Potions
 b - 3 potions of attraction {unknown}
 f - a potion of haste
 l - 3 potions of mutation
 n - 2 potions of berserk rage
 r - 2 potions of flight {unknown}
 w - a potion of lignification {unknown}
 z - 2 potions of invisibility {unknown}
 A - a potion of might
 B - a potion of curing {unknown}
 E - a potion of magic {unknown}
 G - a potion of brilliance {unknown}


   Skills:
 + Level 8.7 Fighting
 + Level 12.7 Long Blades
 + Level 0.5 Throwing
 + Level 9.6 Armour
 + Level 4.5 Dodging
 + Level 1.2 Stealth


You had 9 spell levels left.
You didn't know any spells.
Your spell library was empty.

Dungeon Overview and Level Annotations

Branches:
Dungeon (9/15)             Temple (0/1) D:7
   Lair: D:8-11         Orc: D:9-12

Altars:
Ashenzari
Cheibriados
Nemelex Xobeh
Okawaru
Qazlal
Sif Muna
Trog
Uskayaw
Xom
Yredelemnul
Zin

Shops:
D:2 (


Innate Abilities, Weirdness & Mutations

You have a pair of horns on your head.
You reflexively headbutt those who attack you in melee.


Message History

Things that are here:
a +0 hand axe; a +0 ring mail; 23 gold pieces You hit the orc warrior but do no damage.
Your headbutt misses the orc warrior.
The orc warrior is lightly wounded.
The orc warrior hits you but does no damage.
You slice the orc warrior!!
You headbutt the orc warrior, but do no damage.
The orc warrior is almost dead.
You hear an angry buzzing noise.
The orc warrior hits you with a +0 short sword!
* * * LOW HITPOINT WARNING * * *
An orc warrior comes into view. It is wielding a +0 dire flail.
The orc warrior closely misses you. You furiously retaliate!
You headbutt the orc warrior.
You kill the orc warrior!
Trog accepts your kill.
Okay, then.
The orc warrior shouts!
You slice the orc warrior!!
You headbutt the orc warrior, but do no damage.
The orc warrior is severely wounded.
The orc warrior hits you with a +0 short sword.
* * * LOW HITPOINT WARNING * * *
A hornet comes into view.
The hornet buzzes angrily.
You hear a roar!
The orc warrior hits you but does no damage.
An orc comes into view. It is wielding a +0 dagger.
The orc shouts!
The hornet stings you.
* * * LOW HITPOINT WARNING * * *
You are poisoned.
You feel as though you will be slow longer.
You feel very sick. The hornet stings you!
* * * LOW HITPOINT WARNING * * *
You are more poisoned.
You feel as though you will be slow longer.
The hornet stings you but does no damage.
You die...

#######..# #.#
.........################.#
..............>!..........#
..........................#
########..##############..#
#..# #..# ######..# #..#
........o##############..#
.D......oy.@.............#
#.###.o.Z#######)#######.#
..##.##)# #.# ......#)# #.#
#.###..)# #.# Z ##..# #.#
##..# #.# ##.# #.# .# #.#


You could see a hornet, 2 orc warriors, an orc and a howler monkey zombie.

Vanquished Creatures
  2 trolls (D:9)
  Grinder (D:3)
  Sigmund (D:3)
  A shadow (D:9)
  Grum (D:9)
  2 steam dragons (D:7)
  Edmund (D:4)
  2 black bears
  An orc warrior (D:9)
  A sky beast (D:6)
  An ice beast (D:4)
  3 ogres
  A necrophage (D:5)
  2 centaurs
  3 wolves (D:9)
  A phantom (D:4)
  A kobold brigand (D:6)
  A bullfrog (D:8)
  A gnoll sergeant (D:7)
  A wyvern zombie (D:7)
  A scorpion (D:7)
  10 killer bees
  5 wights (D:8)
  3 howler monkeys (D:9)
  A bullfrog zombie (D:6)
  A hound (D:4)
  2 centaur zombies (D:5)
  4 orc priests
  Crazy Yiuf (D:5)
  2 centaur skeletons
  Jessica (D:3)
  A bullfrog skeleton (D:4)
  6 orc wizards
  Ijyb (D:5)
  Terence (D:2)
  A killer bee zombie (D:9)
  A hound zombie (D:5)
  A mummy (D:6)
  8 gnolls
  2 adders
  A white imp (D:8)
  An ufetubus (D:3)
  An adder skeleton (D:4)
  A worm (D:3)
  2 dart slugs
  27 orcs
  7 ball pythons
  9 endoplasms
  2 giant cockroaches
  A goblin (D:3)
  3 hobgoblins
  6 jackals
  12 kobolds
  5 bats
  3 frilled lizards
  9 rats
171 creatures vanquished.

Notes
Turn   | Place    | Note
-------+----------+-------------------------------------------
     0 | D:1      | boopmooplesden the Minotaur Berserker began the quest for
                  | the Orb.
     0 | D:1      | Reached XP level 1. HP: 19/19 MP: 0/0
   201 | D:1      | Reached XP level 2. HP: 27/27 MP: 1/1
   284 | D:1      | Found a faded altar of an unknown god.
   315 | D:1      | Reached skill level 4 in Long Blades
   611 | D:2      | Noticed Terence
   620 | D:2      | Killed Terence
   621 | D:2      | Reached XP level 3. HP: 23/33 MP: 2/2
   826 | D:2      | Found Esylesir's Weapon Emporium.
  1342 | D:2      | Reached skill level 5 in Long Blades
  1370 | D:3      | Noticed Grinder
  1383 | D:3      | Killed Grinder
  1384 | D:3      | Reached skill level 5 in Fighting
  1384 | D:3      | Reached skill level 6 in Long Blades
  1384 | D:3      | Reached XP level 4. HP: 29/42 MP: 3/3
  1384 | D:3      | Reached XP level 5. HP: 34/48 MP: 4/4
  1577 | D:3      | Reached XP level 6. HP: 55/56 MP: 5/5
  1642 | D:3      | Reached ** piety under Trog
  2013 | D:3      | Noticed Sigmund
  2022 | D:3      | Killed Sigmund
  2023 | D:3      | Reached skill level 7 in Long Blades
  2023 | D:3      | Reached XP level 7. HP: 61/61 MP: 6/6
  2106 | D:3      | Noticed Jessica
  2108 | D:3      | Killed Jessica
  2911 | D:4      | Reached skill level 1 in Stealth
  2960 | D:4      | Noticed Edmund
  2967 | D:4      | Killed Edmund
  2968 | D:4      | Reached skill level 8 in Long Blades
  2968 | D:4      | Reached skill level 5 in Armour
  3021 | D:4      | Reached XP level 8. HP: 70/70 MP: 7/7
  3175 | D:4      | Found a bloodstained altar of Trog.
  3397 | D:5      | Entered Level 5 of the Dungeon
  3447 | D:5      | Reached skill level 9 in Long Blades
  3723 | D:5      | Found a hide-covered altar of Uskayaw.
  3799 | D:5      | Found a stormy altar of Qazlal.
  3844 | D:5      | Found a runed translucent door.
  3845 | D:5      | Noticed Crazy Yiuf
  3851 | D:5      | Killed Crazy Yiuf
  3965 | D:5      | Found a broken altar of Ashenzari.
  4074 | D:5      | Noticed Ijyb
  4084 | D:5      | Killed Ijyb
  4309 | D:6      | Reached skill level 10 in Long Blades
  4341 | D:6      | Reached *** piety under Trog
  4356 | D:6      | Found a snail-covered altar of Cheibriados.
  4732 | D:6      | Found a shimmering blue altar of Sif Muna.
  4976 | D:7      | Identified the +6 flail "Lailuan" {protect, Int+2 Dex+4}
  5011 | D:7      | Reached XP level 9. HP: 68/79 MP: 8/8
  5232 | D:7      | Found a staircase to the Ecumenical Temple.
  5578 | D:7      | Found an iron altar of Okawaru.
  5636 | D:7      | Found a glowing silver altar of Zin.
  5679 | D:7      | Found a sparkling altar of Nemelex Xobeh.
  5707 | D:7      | Reached skill level 11 in Long Blades
  5973 | D:2      | Bought a +3 great sword of holy wrath for 344 gold pieces
  6161 | D:8      | Found a basalt altar of Yredelemnul.
  6177 | D:8      | Found a shimmering altar of Xom.
  6694 | D:9      | Noticed a troll
  6700 | D:9      | Killed a troll
  6846 | D:9      | Noticed Grum
  6852 | D:9      | Killed Grum
  6853 | D:9      | Reached skill level 12 in Long Blades
  6869 | D:9      | Reached **** piety under Trog
  6880 | D:9      | Reached XP level 10. HP: 73/90 MP: 9/9
  6938 | D:9      | Succumbed to a hornet's poison

Illustrated notes

Levels and vault maps discovered:
D:1:      eino_arrival_cavern_b, layout_rooms,
          dreamdust_ecumenical_altar_angels_and_demons, minmay_unequal
D:2:      layout_loops_ring, serial_shops, nicolae_shop_behind_doors,
          corexii_leaking_fountain, minmay_misc_feat_tiny, uniq_terence
D:3:      layout_loops_corners, hangedman_decor_clover_reticule,
          grunt_ministairs_6, minivault_4, grunt_decor_clamped, uniq_sigmund,
          uniq_jessica, uniq_grinder
D:4:      layout_rooms, trog_three_pillars_becter,
          hangedman_abyss_or_decor_passed, kennysheep_generic_room_6,
          uniq_edmund
D:5:      layout_rooms, cheibrodos_ashenzari_chains, amcnicky_altar_gilded,
          mainiacjoe_overflow_24_doors, uniq_crazy_yiuf_cottage, uniq_ijyb
D:6:      layout_basic, lemuel_blue_sif_altar, slow_altar_2,
          minmay_misc_feat_cross
D:7:      layout_basic, lemuel_round_altar, mainiacjoe_overflow_brackets,
          kennysheep_little_box, minmay_temple_entry_wispy
D:8:      layout_basic, nicolae_overflow_squiral, kennysheep_generic_room_15
D:9:      minmay_the_grid_octo_2x2 [minmay_the_grid_octo_fan_narrow,
          minmay_the_grid_octo_toaster, minmay_the_grid_octo_checkerflower,
          minmay_the_grid_octo_prize_single_spiral], layout_long_grid,
          ploomutoo_gammafunk_ghost_potion_laboratory, special_room
          [special_room_orc], nicolae_shop_overcharged_wands, uniq_grum

Skill      XL: |  1  2  3  4  5  6  7  8  9 |
---------------+----------------------------+-----
Long Blades    | 4 6 7 8 10 12 | 12.7
Fighting       | 4 5 6 7 8 |  8.7
Armour         | 3 4 5 6 9 |  9.6
Dodging        | 3 4 |  4.5
Stealth        | 1 |  1.2
Throwing       | |  0.5

Action                   |  1- 3 |  4- 6 |  7- 9 | 10-12 || total
-------------------------+-------+-------+-------+-------++-------
Melee: Falchion          |    58 |    37 |   241 |       ||   336
       Headbutt          |     9 |     5 |    54 |     7 ||    75
       Punch             |       |     1 |     3 |       ||     4
       Great sword       |       |       |    54 |    30 ||    84
Throw: Javelin           |     3 |       |       |       ||     3
Invok: Berserk           |     1 |     2 |    11 |     1 ||    15
  Use: Scroll            |       |       |     8 |       ||     8
Armor: Animal skin       |     3 |       |       |       ||     3
       Scale mail        |    21 |     6 |       |       ||    27
       Plate armour      |       |    17 |   193 |    37 ||   247
Dodge: Dodged            |    44 |    19 |   136 |    24 ||   223
